Map: Gresvan LE

Players

Zain

  • Race: Protoss Protoss
  • League: Diamond
  • Spawn Location: 5:00

DRG - Winner!

  • Race: Zerg Zerg
  • Spawn Location: 11:00

Event: ESL SC2 Masters 2023 Summer (Finals)

VOD

Have the link to the VOD?

Description

Time

  • Played on: June 16, 2023, 4:56 a.m.
  • Length: 14:05

All games in this series

Show
View Real Time Build Order
Export as new Build Order

Zain Protoss 

Build Orders: 1 Gate Expand, Oracle Opening 

Get SALT Encoding   

  12  0:00  Probe  
  13  0:12  Probe  
  14  0:24  Probe, Pylon  
  15  0:42  Probe (Chrono Boost)  
  16  0:45  Gateway  
  16  0:51  Probe (Chrono Boost)  
  16  0:56  Probe, Assimilator  
  18  1:09  Probe  
  19  1:21  Probe  
  20  1:28  Nexus  
  20  1:36  Cybernetics Core  
  20  1:39  Probe  
  21  1:45  Assimilator  
  21  1:51  Probe  
  22  1:54  Pylon  
  22  2:04  Probe  
  23  2:10  Adept (Chrono Boost)  
  25  2:16  Probe  
  26  2:28  Probe  
  27  2:31  Adept (Chrono Boost)  
  27  2:32  Stargate  
  29  2:39  Warp Gate  
  29  2:42  Probe (Chrono Boost)  
  31  2:45  Probe (Chrono Boost)  
  31  2:50  Probe (Chrono Boost)  
  32  2:53  Probe (Chrono Boost)  
  32  2:54  Stalker  
  32  2:56  Probe  
  36  3:04  Probe  
  37  3:08  Probe  
  38  3:13  Oracle (Chrono Boost)  
  38  3:16  Probe  
  38  3:19  Pylon  
  42  3:20  Probe  
  43  3:28  Probe  
  43  3:33  Probe  
  45  3:36  Gateway  
  45  3:40  Probe  
  44  3:42  Oracle (Chrono Boost)  
  44  3:45  Probe  
  46  3:51  Nexus  
  46  3:54  Probe  
  47  3:57  Probe  
  48  4:04  Twilight Council  
  48  4:06  Probe  
  48  4:07  Pylon  
  49  4:14  Probe  
  50  4:17  Assimilator  
  50  4:18  Probe  
  50  4:19  Assimilator  
  51  4:26  Probe  
  52  4:33  Adept x2  
  52  4:35  Shield Battery  
  52  4:37  Probe, Blink (Chrono Boost)  
  57  4:40  Probe  
  58  4:47  Gateway  
  58  4:48  Gateway  
  58  4:49  Probe  
  58  4:52  Probe  
  60  5:00  Stalker  
  60  5:03  Probe  
  60  5:04  Probe x2  
  65  5:10  Stalker  
  67  5:15  Probe  
  67  5:16  Probe  
  67  5:17  Probe  
  67  5:18  Gateway  
  67  5:20  Gateway  
  70  5:24  Pylon  
  70  5:27  Probe  
  71  5:28  Probe  
  71  5:29  Probe  
  71  5:31  Stalker  
  71  5:34  Stalker  
  71  5:35  Pylon  
  79  5:42  Probe x2  
  79  5:43  Probe  
  79  5:44  Stalker x2  
  79  5:49  Pylon  
  84  5:55  Probe, Stalker  
  87  6:05  Stalker  
  87  6:06  Probe  
  87  6:09  Nexus  
  90  6:13  Stalker x3  
  90  6:26  Stalker x2  
  90  6:29  Probe  
  90  6:31  Charge (Chrono Boost)  
  95  6:41  Stalker x2  
  95  6:42  Stalker  
  101  6:47  Robotics Facility  
  101  6:50  Gateway x2  
  101  6:51  Forge  
  101  7:10  Pylon  
  101  7:12  Pylon  
  101  7:13  Pylon  
  101  7:21  Probe x2  
  103  7:23  Stalker x5, Shield Battery  
  103  7:24  Stalker  
  103  7:26  Probe  
  103  7:28  Probe, Pylon  
  117  7:30  Protoss Ground Weapons Level 1 (Chrono Boost)  
  117  7:33  Probe  
  117  7:35  Warp Prism (Chrono Boost), Shield Battery  
  117  7:37  Pylon  
  117  7:44  Stalker x2  
  123  7:45  Probe, Photon Cannon  
  123  7:48  Pylon  
  123  7:49  Probe x2  
  123  7:50  Pylon  
  126  7:54  Stalker  
  126  7:55  Stalker  
  126  7:58  Probe x2  
  132  8:08  Stalker  
  132  8:09  Stalker x4  
  142  8:19  Probe  
  141  8:24  Probe  
  141  8:25  Probe x2  
  144  8:30  Observer (Chrono Boost)  
  144  8:31  Stalker x4  
  153  8:35  Pylon  
  153  8:37  Nexus, Photon Cannon  
  153  8:39  Probe  
  154  8:47  Zealot x4  
  162  8:51  Pylon  
  162  8:54  Pylon  
  162  8:55  Photon Cannon  
  162  8:56  Shield Battery  
  162  8:59  Pylon  
  162  9:02  Zealot x4  
  160  9:11  Zealot x8  
  160  9:13  Warp Prism (Chrono Boost)  
  164  9:19  Probe x2  
  164  9:22  Stalker x4  
  152  9:32  Stalker  
  152  9:33  Stalker x3  
  152  9:34  Probe x4  
  152  9:46  Probe x4  
  152  9:49  Zealot x4  
  152  9:50  Probe  
  148  9:58  Probe x3  
  121  10:03  Zealot x4  
  114  10:12  Probe x2  
  114  10:13  Zealot x4  
  122  10:15  Probe  
  122  10:16  Probe  
  109  10:24  Probe x2  
  109  10:26  Observer  
  109  10:27  Probe  
  109  10:28  Probe  
  104  10:34  Stalker  
  104  10:35  Stalker x4  
  110  10:36  Probe x2  
  110  10:40  Templar Archives  
  112  10:52  Protoss Ground Weapons Level 2 (Chrono Boost)  
  112  10:53  Nexus  
  112  10:56  Zealot x3  
  118  11:05  Probe  
  119  11:12  Zealot x5  
  129  11:22  Stalker  
  129  11:24  Stalker x2  
  119  11:32  Probe  
  118  11:36  Zealot x4  
  118  11:37  Zealot  
  108  11:40  Probe  
  108  11:46  Probe x3  
  112  11:48  Pylon, Stalker x6  
  112  11:52  Probe  
  125  11:58  Probe x2  
  125  12:00  Probe, Pylon  
  128  12:01  Shield Battery  
  128  12:07  High Templar x2  
  132  12:08  Photon Cannon  
  132  12:12  Archon, Shield Battery  
  132  12:16  Probe  
  132  12:17  Probe  
  132  12:18  Probe x2  
  132  12:21  Probe  
  137  12:28  Probe  
  137  12:29  Zealot x3  
  129  12:30  Probe  
  129  12:34  Stalker x2  
  129  12:35  Probe x2  
  136  12:37  Zealot  
  136  12:41  Probe  
  136  12:42  Zealot x2  
  136  12:43  Probe  
  134  12:57  Probe  
  123  12:59  Stalker x6  
  123  13:02  Probe  
  136  13:08  High Templar x2  
  138  13:14  Archon  
  138  13:20  Nexus  
  138  13:28  High Templar x2  
  138  13:29  High Templar x3  
  138  13:30  High Templar  
  138  13:34  Archon x2  
  148  13:35  Archon  
  137  13:44  Probe x2  
Show
View Real Time Build Order
Export as new Build Order

DRG Zerg - Winner!

Build Orders: Hatch First, Lurkers 

Get SALT Encoding   

  12  0:00  Drone  
  13  0:07  Drone  
  14  0:16  Overlord  
  14  0:37  Drone x2  
  16  0:44  Drone  
  17  0:53  Hatchery  
  17  0:56  Drone  
  17  1:00  Drone  
  18  1:10  Drone  
  19  1:11  Extractor  
  19  1:17  Spawning Pool  
  17  1:20  Drone  
  18  1:31  Drone  
  19  1:42  Drone  
  20  1:53  Drone  
  21  2:03  Overlord  
  21  2:04  Queen  
  21  2:05  Queen  
  21  2:07  Zergling x2  
  26  2:15  Metabolic Boost  
  26  2:16  Zergling x2  
  26  2:17  Zergling x2  
  28  2:25  Drone  
  28  2:26  Drone  
  30  2:35  Drone  
  31  2:38  Drone  
  32  2:45  Hatchery  
  32  2:47  Queen  
  33  2:52  Overlord  
  33  2:55  Drone  
  34  3:03  Spore Crawler  
  34  3:04  Zergling x2  
  35  3:06  Zergling x2  
  35  3:09  Queen  
  35  3:12  Overlord  
  38  3:13  Drone  
  38  3:16  Drone  
  38  3:18  Drone  
  41  3:20  Drone  
  41  3:22  Drone  
  41  3:26  Drone  
  44  3:30  Queen  
  46  3:40  Drone  
  46  3:41  Drone  
  47  3:46  Queen  
  49  3:48  Drone x2  
  49  3:53  Overlord  
  49  3:54  Drone  
  52  3:56  Queen  
  52  4:00  Drone x2  
  55  4:03  Drone  
  55  4:07  Spore Crawler  
  55  4:10  Drone  
  55  4:13  Drone x4  
  60  4:19  Drone x3  
  60  4:21  Drone  
  64  4:24  Drone  
  64  4:29  Drone  
  64  4:35  Drone  
  64  4:36  Drone  
  64  4:37  Overlord x2  
  66  4:41  Overlord  
  66  4:45  Overlord  
  66  4:48  Drone, Evolution Chamber  
  66  4:49  Overlord  
  66  4:55  Drone x6  
  66  4:56  Drone x2  
  74  5:02  Drone  
  75  5:08  Drone x4  
  75  5:09  Hatchery  
  78  5:14  Zerg Melee Weapons Level 1  
  78  5:18  Drone x4  
  82  5:22  Lair  
  82  5:23  Extractor  
  82  5:25  Extractor  
  82  5:27  Drone x3, Roach Warren  
  82  5:28  Drone  
  82  5:29  Drone  
  82  5:32  Drone x2  
  82  5:35  Extractor  
  85  5:36  Extractor, Overlord  
  85  5:37  Spore Crawler  
  85  5:39  Spore Crawler  
  82  5:44  Drone x5  
  82  5:48  Zergling x8  
  91  5:52  Overlord  
  91  5:57  Zergling x2  
  91  5:58  Zergling x8  
  96  6:05  Overlord  
  96  6:10  Zergling x4  
  96  6:20  Glial Reconstitution  
  94  6:26  Roach x9  
  94  6:31  Evolution Chamber  
  110  6:33  Zergling x4  
  110  6:34  Queen  
  110  6:37  Zergling x14  
  117  6:40  Zergling x2  
  117  6:43  Roach x2  
  122  6:48  Zergling x2  
  122  6:53  Zergling x10  
  124  6:57  Zerg Missile Weapons Level 1  
  124  7:00  Zergling x4  
  125  7:04  Spore Crawler  
  125  7:06  Zergling x8  
  127  7:09  Zerg Melee Weapons Level 2  
  127  7:10  Drone  
  127  7:12  Overlord, Baneling Nest  
  126  7:15  Overlord  
  126  7:17  Drone x2  
  126  7:19  Overlord x2  
  126  7:21  Overlord  
  126  7:25  Drone  
  126  7:26  Drone, Overlord x2  
  126  7:27  Overlord  
  127  7:31  Zergling x6  
  127  7:35  Drone x4  
  132  7:38  Zergling x8, Overseer  
  132  7:41  Drone  
  137  7:44  Infestation Pit  
  137  7:47  Roach x2  
  137  7:48  Roach x3  
  147  7:51  Drone x3  
  147  7:55  Zergling x6  
  152  7:58  Centrifugal Hooks  
  152  8:01  Roach  
  152  8:03  Queen  
  152  8:06  Roach x5  
  161  8:15  Zergling x10  
  165  8:23  Zergling x10  
  165  8:26  Hive  
  169  8:27  Hatchery, Zergling x6  
  169  8:28  Overlord  
  169  8:33  Roach x3  
  176  8:37  Drone x3  
  179  8:44  Zergling x8  
  179  8:45  Baneling x8  
  183  8:49  Zergling x4  
  183  8:55  Zergling x4  
  186  8:57  Overlord  
  186  9:00  Zergling x14  
  193  9:07  Roach x2  
  197  9:10  Zergling x2  
  197  9:14  Roach  
  197  9:20  Zergling x14  
  191  9:29  Zergling x18  
  189  9:34  Roach  
  180  9:39  Zergling x4  
  180  9:42  Roach x4  
  168  9:46  Roach  
  168  9:48  Roach x2  
  168  9:52  Roach x4  
  169  9:57  Roach x4  
  169  9:59  Zergling x4  
  154  10:03  Adrenal Glands  
  154  10:04  Zergling x4  
  154  10:05  Zergling x4  
  145  10:07  Queen x2  
  145  10:12  Roach x6  
  145  10:13  Ravager x3  
  157  10:15  Zergling x2  
  157  10:19  Zergling x2  
  141  10:23  Zergling x10  
  141  10:25  Zerg Melee Weapons Level 3  
  141  10:26  Zerg Missile Weapons Level 2  
  141  10:27  Zergling x10  
  150  10:29  Drone  
  150  10:30  Spore Crawler  
  150  10:34  Zergling x6, Hydralisk Den  
  151  10:36  Baneling x6  
  151  10:38  Zergling x8  
  154  10:44  Zergling x6  
  154  10:49  Zergling x6  
  158  10:51  Drone x3  
  158  10:54  Baneling x9  
  158  10:56  Zergling x10  
  166  11:02  Zergling x6  
  169  11:05  Muscular Augments  
  169  11:08  Drone  
  169  11:09  Lurker Den  
  169  11:16  Hatchery  
  167  11:20  Zergling x12  
  167  11:24  Zergling x18  
  172  11:29  Zergling x10  
  172  11:37  Zergling x10  
  170  11:40  Zergling x6  
  170  11:45  Hydralisk x3  
  176  11:49  Hydralisk x4  
  176  11:52  Zergling x6  
  186  11:58  Hydralisk x3  
  192  12:05  Baneling x9  
  192  12:07  Zergling x12  
  192  12:08  Zergling x2  
  199  12:13  Overseer  
  198  12:16  Drone, Grooved Spines  
  198  12:21  Extractor  
  198  12:25  Seismic Spines  
  191  12:40  Zergling x8  
  191  12:44  Zergling x20  
  194  12:50  Zergling x22  
  198  12:56  Zergling x16  
  198  12:57  Overseer  
  196  13:22  Lurker x3  
  197  13:35  Lurker x2  
  196  13:43  Lurker  
Tags
 
Add a new tag
Caveats
  • Supply blocks, unpowered buildings, or Contaminate may cause inaccurate times.
  • Supply counts are checked every 10 seconds.